 Dungeon Crawl Stone Soup version 0.22-a0-618-gd6a3efe (webtiles) character file.

98671 galech the Fighter (level 15, -12/125 HPs)
             Began as a Demonspawn Berserker on July 13, 2018.
             Was the Champion of Trog.
             Mangled by a two-headed ogre
             ... wielding a +0 giant club
              (13 damage)
             ... on level 15 of the Dungeon.
             The game lasted 00:59:55 (32938 turns).

galech the Fighter (Demonspawn Berserker)          Turns: 32938, Time: 00:59:57

Health: -12/125    AC: 25    Str: 23    XL:     15   Next: 75%
Magic:  24/24      EV: 15    Int: 25    God:    Trog [******]
Gold:   1102       SH:  0    Dex: 16    Spells: 14/14 levels left

rFire    . . .     SeeInvis .   E - +6 whip of the Unseen Realm {flame, rN+ MR+ Int+7 Dex-5}
rCold    + + .     Gourm    .   (no shield)
rNeg     + . .     Faith    +   h - +0 ice dragon scales
rPois    +         Spirit   .   F - +2 hat {Int+3}
rElec    .         Reflect  .   a - +4 cloak of the Hall of Blades {-Cast MP+9 Int+6 Dex+3}
rCorr    +         Harm     .   (gloves unavailable)
MR       ++...     NoCast   +   (no boots)
Stlth    ++++......             x - amulet of faith
HPRegen  0.30/turn              y - ring of fire
MPRegen  0.19/turn              K - ring "Nokifuitru" {rPois rC+}

@: mighty, berserk cooldown, slowed, very slow
A: claws 3, yellow scales 3, nightstalker 2, powered by pain 3
a: Berserk, Trog's Hand, Brothers in Arms, Renounce Religion


You were on level 15 of the Dungeon.
You worshipped Trog.
Trog was exalted by your worship.
You were not hungry.

You visited 3 branches of the dungeon, and saw 23 of its levels.
You visited 1 bazaar.
You also visited: Ice Cave.

You collected 2245 gold pieces.
You spent 1143 gold pieces at shops.

Inventory:

Hand Weapons
 E - the +6 whip of the Unseen Realm (weapon) {flame, rN+ MR+ Int+7 Dex-5}
   (You found it on level 9 of the Dungeon)

   It has been specially enchanted to burn those struck by it, causing extra
   injury to most foes and up to half again as much damage against particularly
   susceptible opponents.
   It affects your intelligence (+7).
   It affects your dexterity (-5).
   It protects you from negative energy.
   It affects your resistance to hostile enchantments.
 Z - the +4 hand axe of Terra Nullius {antimagic, rF++ Str+4 Int-3 Dex+2}
   (Trog gifted it to you on level 12 of the Dungeon)

   It reduces the magical energy of the wielder, and disrupts the spells and
   magical abilities of those hit.
   Natural abilities and divine invocations are not affected.
   It affects your strength (+4).
   It affects your intelligence (-3).
   It affects your dexterity (+2).
   It greatly protects you from fire.
Armour
 a - the +4 cloak of the Hall of Blades (worn) {-Cast MP+9 Int+6 Dex+3}
   (You bought it in a shop on level 7 of the Dungeon)

   It affects your intelligence (+6).
   It affects your dexterity (+3).
   It affects your magic capacity (+9).
   It prevents spellcasting.
 h - +0 ice dragon scales (worn)
 n - a +1 leather armour of fire resistance
 t - the +0 chain mail of Shadows and Fog {+Fly Regen+ MP-9 SInv}
   (You found it on level 5 of the Dungeon)

   It affects your magic capacity (-9).
   It lets you see invisible.
   It lets you fly.
   It increases your rate of regeneration.
 C - the +0 ring mail "Ikhipt" {rPois Int+7}
   (You bought it in a shop on level 7 of the Dungeon)

   It affects your intelligence (+7).
   It protects you from poison.
 F - a +2 hat of intelligence (worn)
Jewellery
 d - a +2 ring of protection
 q - an uncursed ring of protection from magic
 r - a +4 ring of dexterity
 x - an amulet of faith (around neck)
 y - a ring of fire (left claw)
 B - an uncursed ring of resist corrosion
 K - the ring "Nokifuitru" (right claw) {rPois rC+}
   (You bought it in a shop on level 2 of the Orcish Mines)

   [ring of protection from cold]

   It protects you from cold.
   It protects you from poison.
 N - an uncursed ring of positive energy
 S - an uncursed ring of stealth {unknown}
 X - an uncursed ring of protection from cold
Wands
 D - a wand of digging (25)
 Q - a wand of flame (30)
 R - a wand of enslavement (5)
Scrolls
 b - 4 scrolls of teleportation
 f - 5 scrolls of enchant armour
 g - 7 scrolls of remove curse
 i - 4 scrolls of identify
 j - a scroll of magic mapping
 s - 3 scrolls of immolation
 v - 3 scrolls of enchant weapon
 w - a scroll of acquirement
 z - 2 scrolls of vulnerability
 J - a scroll of fog {unknown}
 O - a scroll of fear
 P - 2 scrolls of summoning
 T - 2 scrolls of blinking
 W - 2 scrolls of brand weapon
Potions
 e - 3 potions of lignification {unknown}
 k - 4 potions of agility
 l - 10 potions of curing
 m - 5 potions of magic {unknown}
 o - 5 potions of brilliance {unknown}
 p - 6 potions of degeneration
 u - a potion of might {unknown}
 A - 2 potions of mutation {unknown}
 G - 4 potions of heal wounds
 H - 2 potions of resistance {unknown}
 I - 5 potions of flight {unknown}
 L - a potion of invisibility
 M - a potion of haste {unknown}
 U - a potion of berserk rage
Comestibles
 c - 32 rations


   Skills:
 + Level 13.6 Fighting
 + Level 11.2(13.6) Axes
 + Level 13.0(14.4) Maces & Flails
 + Level 12.3 Armour
 + Level 8.3 Dodging
 + Level 7.2 Stealth


You had 14 spell levels left.
You didn't know any spells.
Your spell library was empty.

Dungeon Overview and Level Annotations

Branches:
Dungeon (14/15)            Temple (0/1) D:6            Lair (6/6) D:8
  Swamp (0/4) Lair:4       Spider (0/4) Lair:2        Slime (0/5) Lair:5
    Orc (2/2) D:10            Elf (0/3) Orc:2        Vaults (0/5) D:13

Altars:
Ashenzari
Cheibriados
Dithmenos
Elyvilon
Gozag
Hepliaklqana
Makhleb
Nemelex Xobeh
Ru
Trog
Uskayaw
Vehumet
Xom
Yredelemnul
Zin
The Shining One

Shops:
D:7 [   Orc:2 [!=(

Annotations:
D:14 2 transporters, Joegoef's ghost, journeyman DEAE


Innate Abilities, Weirdness & Mutations

You have claws for hands.
You are completely covered in yellow scales. (AC +4, rCorr)
You are significantly more attuned to the shadows.
You are powered by pain.


Message History

You are too injured to fight recklessly!
You are too injured to fight recklessly!
You are too injured to fight recklessly!
You are too injured to fight recklessly!
You are too injured to fight recklessly!
You are too injured to fight recklessly!
You're still recovering from your berserk rage.
The two-headed ogre hits you with a giant club.
The two-headed ogre barely misses you.
The two-headed ogre completely misses you.
The two-headed ogre hits you but does no damage.
The ogre mage hits you.
The ogre mage gestures at you while chanting.
The crystal spear hits you!
* * * LOW HITPOINT WARNING * * *
You focus on the pain.
You feel very mighty all of a sudden.
The two-headed ogre hits you but does no damage.
The two-headed ogre hits you with a giant club!
You die...

..........#
...........#
...........#
..........$#
........().#
.......O...#
.........(.#
).......OOO######
.........O@.....#
###############..#
.


You could see 3 two-headed ogres, an ogre mage and an ogre.

Vanquished Creatures
  The ghost of Mud Xara the Fighter, a journeyman OgBe of Trog (Lair:4)
  Nessos (Lair:5)
  4 dire elephants
  Snorg (Orc:2)
  An ice dragon (Orc:2)
  7 vault guards (D:13)
  Harold (D:12)
  5 hydras
  An anaconda (Lair:6)
  A centaur warrior (D:13)
  15 two-headed ogres
  An ogre mage (Orc:2)
  12 death yaks (Lair:6)
  An orc high priest (Orc:2)
  Urug (D:11)
  Sonja (D:12)
  5 slime creatures
  2 unseen horrors
  2 deep trolls (Orc:2)
  A necromancer (Lair:4)
  11 ugly things
  A wolf spider zombie (D:14)
  An orc knight (Orc:2)
  An orc sorcerer (Orc:2)
  2 deep elf magi
  5 cyclopes
  4 oklob plants (Lair:4)
  A manticore (D:12)
  4 elephants (Lair:6)
  A torpor snail (Lair:5)
  An ice statue (IceCv)
  An eye of devastation (Lair:5)
  4 black mambas
  12 spiny frogs
  2 gargoyles
  6 komodo dragons
  A kobold demonologist (D:12)
  2 tengu conjurers (D:14)
  4 jumping spiders (Lair:2)
  14 trolls
  A wolf spider simulacrum (D:14)
  17 polar bears
  7 blink frogs (Lair:3)
  A hornet (D:5)
  9 hippogriffs
  2 wraiths (D:10)
  3 wyverns
  4 redbacks (Lair:2)
  39 yaks
  8 basilisks
  A human (D:10)
  4 wargs
  5 vampire mosquitoes
  Menkaure (D:6)
  A steam dragon (D:13)
  15 water moccasins
  2 acid dragons
  11 porcupines
  12 orc warriors
  A hornet zombie (D:14)
  4 ice beasts
  2 sky beasts
  A necrophage (D:13)
  2 eyes of draining
  29 ogres
  4 phantoms
  9 centaurs
  17 wolves
  13 crocodiles
  2 big kobolds
  20 bullfrogs
  8 scorpions
  A wyvern skeleton (D:14)
  8 killer bees
  5 wights
  6 electric eels
  4 howler monkeys
  8 crimson imps
  A bullfrog zombie (D:7)
  3 centaur zombies
  8 hounds
  A quasit (D:8)
  2 bullfrog skeletons
  A jelly (D:11)
  6 centaur skeletons
  A gnoll shaman (D:5)
  13 orc priests
  7 orc wizards
  Crazy Yiuf (D:2)
  Terence (D:2)
  6 iguanas
  17 worker ants
  4 yak simulacra (Lair:4)
  3 wolf simulacra (Lair:4)
  4 polar bear simulacra (Lair:4)
  A hound zombie (D:5)
  A hound skeleton (D:10)
  A mummy (D:8)
  A howler monkey zombie (D:5)
  3 worker ant zombies
  A howler monkey skeleton (D:11)
  8 gnolls
  17 adders
  2 shadow imps (D:14)
  An ooze (D:4)
  3 adder zombies
  An adder skeleton (D:4)
  4 dart slugs
  7 worms
  6 leopard geckos
  56 orcs
  2 ball pythons
  6 giant cockroaches
  7 hobgoblins
  8 jackals
  20 kobolds
  8 quokkas
  12 bats
  6 frilled lizards
  A giant cockroach zombie (D:6)
  7 goblins
  A quokka skeleton (D:4)
  7 rats
  15 plants
721 creatures vanquished.

Vanquished Creatures (others)
  A manticore (D:14)
  An orc wizard (D:14)
  An orc (D:14)
  14 fungi
  9 plants
26 creatures vanquished.

Grand Total: 747 creatures vanquished

Notes
Turn   | Place    | Note
-------+----------+-------------------------------------------
     0 | D:1      | galech the Demonspawn Berserker began the quest for the Orb.
     0 | D:1      | Reached XP level 1. HP: 18/18 MP: 1/1
    80 | D:1      | Gained mutation: You are partially covered in yellow scales. (AC +2) [demonic ancestry]
    80 | D:1      | Reached XP level 2. HP: 24/24 MP: 2/2
   677 | D:2      | Gained mutation: You sometimes gain a little power by taking damage. [demonic ancestry]
   677 | D:2      | Reached XP level 3. HP: 29/29 MP: 3/3
   905 | D:2      | Noticed Terence
   920 | D:2      | Killed Terence
   920 | D:2      | Gained mutation: You sometimes gain power by taking damage. [demonic ancestry]
   920 | D:2      | Reached XP level 4. HP: 21/37 MP: 4/4
  1040 | D:2      | Reached ** piety under Trog
  1129 | D:2      | Found a basalt altar of Yredelemnul.
  1131 | D:2      | Noticed a profane servitor
  1207 | D:2      | Found a glowing golden altar of the Shining One.
  1209 | D:2      | Noticed an angel
  1256 | D:2      | Found an opulent altar of Gozag.
  1257 | D:2      | Found a glowing silver altar of Zin.
  1712 | D:2      | Found a runed door.
  1967 | D:2      | Noticed Crazy Yiuf
  1973 | D:2      | Killed Crazy Yiuf
  2175 | D:3      | Gained mutation: You are slightly more attuned to the shadows. [demonic ancestry]
  2175 | D:3      | Reached XP level 5. HP: 37/42 MP: 5/5
  3502 | D:4      | Reached XP level 6. HP: 40/49 MP: 6/6
  3560 | D:4      | Reached skill level 1 in Stealth
  4513 | D:4      | Reached *** piety under Trog
  4513 | D:4      | Reached skill level 5 in Axes
  5224 | D:5      | Entered Level 5 of the Dungeon
  5261 | D:5      | Reached XP level 7. HP: 51/55 MP: 7/7
  5300 | D:5      | Found a shattered altar of Ashenzari.
  5349 | D:5      | Found a shadowy altar of Dithmenos.
  5640 | D:5      | Got an ichor-stained chain mail
  5651 | D:5      | Identified the +0 chain mail of Shadows and Fog {+Fly Regen+ MP-9 SInv} (You found it on level 5 of the Dungeon)
  5761 | D:5      | Reached skill level 5 in Fighting
  6103 | D:5      | Gained mutation: You are significantly more attuned to the shadows. [demonic ancestry]
  6103 | D:5      | Reached XP level 8. HP: 62/62 MP: 0/8
  6134 | D:5      | Noticed a hornet
  6137 | D:5      | Paralysed by a hornet for 3 turns
  6144 | D:5      | HP: 3/93 [hornet (8)]
  6146 | D:5      | Killed a hornet
  6150 | D:5      | HP: 3/94 [poisoned by a hornet]
  6155 | D:5      | HP: 3/63 [poisoned by a hornet]
  6920 | D:5      | Reached skill level 5 in Armour
  6947 | D:6      | Reached **** piety under Trog
  6950 | D:6      | Noticed Menkaure
  6957 | D:6      | Killed Menkaure
  7318 | D:6      | Found a staircase to the Ecumenical Temple.
  7703 | D:6      | Gained mutation: You have sharp fingernails. [demonic ancestry]
  7703 | D:6      | Reached XP level 9. HP: 53/69 MP: 0/9
  7766 | D:6      | Found a hazy altar of Hepliaklqana.
  8862 | D:7      | Found Oggaut's Antique Armour Shop.
  8869 | D:7      | Bought a bloodstained cloak for 237 gold pieces
  8879 | D:7      | Identified the +4 cloak of the Hall of Blades {-Cast MP+9 Int+6 Dex+3} (You bought it in a shop on level 7 of the Dungeon)
  9026 | D:8      | Found a sacrificial altar of Ru.
  9029 | D:8      | Found a hide-covered altar of Uskayaw.
  9031 | D:8      | Noticed a two-headed ogre
  9040 | D:8      | Killed a two-headed ogre
  9059 | D:8      | Found a burning altar of Makhleb.
  9302 | D:8      | Noticed a two-headed ogre
  9318 | D:8      | Killed a two-headed ogre
  9318 | D:8      | Reached XP level 10. HP: 79/79 MP: 10/10
  9710 | D:8      | Found a snail-covered altar of Cheibriados.
  9767 | D:8      | Found a staircase to the Lair.
  9811 | D:8      | Reached skill level 10 in Axes
  9815 | D:8      | Reached ***** piety under Trog
 10085 | D:7      | Bought a polished ring mail for 225 gold pieces
 10095 | D:7      | Identified the cursed +0 ring mail "Ikhipt" {rPois Int+7} (You bought it in a shop on level 7 of the Dungeon)
 10102 | D:7      | Identified a scroll of acquirement
 10210 | D:9      | Found a shimmering altar of Xom.
 10212 | D:9      | Found a shimmering altar of Xom.
 10212 | D:9      | Found a shimmering altar of Xom.
 10214 | D:9      | Found a shimmering altar of Xom.
 10215 | D:9      | Found a shimmering altar of Xom.
 10215 | D:9      | Found a shimmering altar of Xom.
 10326 | D:9      | Found a sparkling altar of Nemelex Xobeh.
 10435 | D:9      | Noticed a moth of wrath
 10438 | D:9      | Found a bloodstained altar of Trog.
 10462 | D:9      | Got a transparent whip
 10463 | D:9      | Identified the +6 whip of the Unseen Realm {flame, rN+ MR+ Int+7 Dex-5} (You found it on level 9 of the Dungeon)
 10487 | D:10     | Entered Level 10 of the Dungeon
 10605 | D:10     | Received a gift from Trog
 10753 | D:10     | Reached skill level 1 in Maces & Flails
 10765 | D:10     | Found a staircase to the Orcish Mines.
 10833 | D:10     | Noticed a deep elf mage
 10844 | D:10     | Killed a deep elf mage
 11004 | D:10     | Gained mutation: You have very sharp fingernails. [demonic ancestry]
 11004 | D:10     | Reached XP level 11. HP: 86/86 MP: 11/11
 11018 | D:10     | Noticed an unseen horror
 11018 | D:10     | Noticed a two-headed ogre
 11029 | D:10     | Killed a two-headed ogre
 11035 | D:10     | Killed an unseen horror
 11124 | D:10     | Found a burning altar of Makhleb.
 11126 | D:10     | Noticed a blizzard demon
 11444 | Orc:1    | Entered Level 1 of the Orcish Mines
 11734 | Orc:2    | Entered Level 2 of the Orcish Mines
 11840 | Orc:2    | Noticed an ogre mage
 11849 | Orc:2    | Reached skill level 5 in Maces & Flails
 11865 | Orc:2    | Noticed a two-headed ogre
 11873 | Orc:2    | Killed an ogre mage
 11876 | Orc:2    | Noticed a two-headed ogre
 11876 | Orc:2    | Noticed a two-headed ogre
 11878 | Orc:2    | Killed a two-headed ogre
 11878 | Orc:2    | Noticed a deep troll
 12050 | Orc:2    | Killed a two-headed ogre
 12054 | Orc:2    | Killed a two-headed ogre
 12098 | Orc:2    | Noticed an orc sorcerer
 12108 | Orc:2    | Killed an orc sorcerer
 12122 | Orc:2    | Noticed an ice dragon
 12130 | Orc:2    | Found a frozen archway.
 12144 | Orc:2    | Killed an ice dragon
 12179 | Orc:2    | Gained mutation: You have claws for hands. [demonic ancestry]
 12179 | Orc:2    | Reached XP level 12. HP: 43/95 MP: 12/12
 12191 | IceCv    | Entered an ice cave
 12976 | IceCv    | Reached skill level 5 in Dodging
 13465 | IceCv    | Noticed a frost giant
 13719 | IceCv    | Found the +3 giant club "Skullcrusher" {speed, Str+7}
 13731 | IceCv    | Got an iridescent great sword
 13733 | IceCv    | Identified the cursed +1 great sword "Giebb" {freeze, rF+ rN+ Dex-4} (You found it in an ice cave)
 14008 | Orc:2    | Noticed a two-headed ogre
 14026 | Orc:2    | Killed a two-headed ogre
 14026 | Orc:2    | Reached skill level 10 in Fighting
 14248 | Orc:2    | Noticed a two-headed ogre
 14309 | Orc:2    | Noticed an orc high priest
 14333 | Orc:2    | Noticed a two-headed ogre
 14335 | Orc:2    | Killed an orc high priest
 14340 | Orc:2    | Killed a two-headed ogre
 14354 | Orc:2    | Killed a two-headed ogre
 14369 | Orc:2    | Noticed a two-headed ogre
 14380 | Orc:2    | Killed a two-headed ogre
 14954 | Orc:2    | Found Kauh's Armour Shoppe.
 14960 | Orc:2    | Found Oskiodau's Distillery.
 14966 | Orc:2    | Bought a potion of curing for 42 gold pieces
 14966 | Orc:2    | Found Xoetiuha's Weapon Emporium.
 14968 | Orc:2    | Found Podd's Jewellery Emporium.
 15003 | Orc:2    | Reached skill level 10 in Maces & Flails
 15018 | Orc:2    | Bought the ring "Nokifuitru" {rPois rC+} for 579 gold pieces
 15053 | Orc:2    | Gained mutation: You are powered by pain. [demonic ancestry]
 15053 | Orc:2    | Reached XP level 13. HP: 98/104 MP: 13/13
 15459 | Orc:2    | Found a staircase to the Elven Halls.
 15467 | Orc:2    | Reached skill level 10 in Armour
 15478 | Orc:2    | Noticed Snorg
 15496 | Orc:2    | Killed Snorg
 16367 | Lair:1   | Entered Level 1 of the Lair of Beasts
 16457 | Lair:1   | Received a gift from Trog
 17675 | Lair:2   | Received a gift from Trog
 17709 | Lair:2   | Reached ****** piety under Trog
 18247 | Lair:2   | Found a hole to the Spider Nest.
 19387 | Lair:3   | Received a gift from Trog
 20053 | Lair:3   | Found a glowing golden altar of the Shining One.
 20918 | Lair:4   | Gained mutation: You are mostly covered in yellow scales. (AC +3) [demonic ancestry]
 20918 | Lair:4   | Reached XP level 14. HP: 113/113 MP: 14/14
 20939 | Lair:4   | Found a runed door.
 20941 | Lair:4   | Noticed Mud Xara's ghost (journeyman OgBe)
 21081 | Lair:4   | Found a staircase to the Swamp.
 21683 | Lair:4   | Killed Mud Xara's ghost
 22080 | Lair:5   | Found a runed door.
 22108 | Lair:5   | Noticed Nessos
 22127 | Lair:5   | Killed Nessos
 22127 | Lair:5   | Reached skill level 5 in Stealth
 22793 | Lair:5   | Found a staircase to the Slime Pits.
 23256 | Lair:6   | Entered Level 6 of the Lair of Beasts
 25271 | Lair:6   | Found the +6 Majin-Bo {vamp, Archmagi MP+6 Int+6}
 26300 | D:11     | Found a radiant altar of Vehumet.
 26723 | D:11     | Found a white marble altar of Elyvilon.
 27081 | D:11     | Noticed Urug
 27100 | D:11     | Killed Urug
 27171 | D:11     | Gained mutation: You are completely covered in yellow scales. (AC +4, rCorr) [demonic ancestry]
 27171 | D:11     | Reached XP level 15. HP: 122/122 MP: 15/15
 27611 | D:12     | Received a gift from Trog
 27628 | D:12     | Got a twisted hand axe {god gift}
 27629 | D:12     | Identified the +4 hand axe of Terra Nullius {antimagic, rF++ Str+4 Int-3 Dex+2} (Trog gifted it to you on level 12 of the Dungeon)
 28539 | D:12     | Noticed Sonja
 28574 | D:12     | Killed Sonja
 28749 | D:12     | Noticed Harold
 28772 | D:12     | Killed Harold
 29562 | D:12     | Received a gift from Trog
 29605 | D:12     | Got an ancient great mace {god gift}
 29606 | D:12     | Identified the +2 great mace of Reinforcement {crush, rElec MR+ Str-2} (Trog gifted it to you on level 12 of the Dungeon)
 30572 | D:13     | Found a gate to the Vaults.
 31234 | D:14     | Found a flickering gateway to a bazaar.
 31242 | Bazaar   | Entered a bazaar
 31352 | Bazaar   | Found Muqivuss's Book Shoppe.
 31352 | Bazaar   | Found Sofaithy's Distillery.
 31352 | Bazaar   | Found Quxkoj's Weapon Shoppe.
 31352 | Bazaar   | Found Bimu's Book Emporium.
 31394 | Bazaar   | Bought a potion of heal wounds for 60 gold pieces
 31689 | D:14     | Found a transporter.
 31788 | D:14     | Noticed Joegoef's ghost (journeyman DEAE)
 32032 | D:14     | Found a transporter.
 32088 | D:14     | Received a gift from Trog
 32862 | D:14     | You fall through a shaft!
 32862 | D:15     | Entered Level 15 of the Dungeon
 32938 | D:15     | HP: 1/125 [ogre mage/crystal spear (40)]
 32938 | D:15     | Mangled by a two-headed ogre

Vault maps used:
D:1:      eino_arrival_cavern_e
D:2:      grunt_temple_overflow_gold_and_silver, grunt_temple_overflow_holy_war,
          uniq_crazy_yiuf_cottage, uniq_terence
D:3:      first_ration
D:5:      old_forge, lemuel_doored_altar, nicolae_overflow_hidden_temple,
          minmay_misc_feat_roman, nzn_random_ring
D:6:      overflow_temple_1_default, minmay_temple_entry_statues_pillars,
          uniq_menkaure
D:7:      serial_shops, nicolae_shop_overgrown_old_shop, minivault_25
D:8:      kennysheep_ambush_hall, grunt_temple_overflow_open, slow_altar_2,
          lair_entry_dummy
D:9:      tgw_trog, xom_redecorated, nemelex_xobeh_ov_fountains_minmay
D:10:     orc_0_dummy, hangedman_stone_soup, minmay_strange_pillars,
          makhleb_altar_promises_db
D:11:     basic_altar, elyvilon_altar_1, uniq_urug
D:12:     corexii_checkpoint_b, onia_ninara_dug_in_and_dangerous, uniq_sonja,
          uniq_harold
D:13:     erik_vaults_2
D:14:     gammafunk_ghost_stat_death, minmay_misc_feat_secret_circle,
          serial_shops, bzr_firewalk, kennysheep_small_spiral
D:15:     grunt_enter_depths_hoard, basic_altar, fedhas_altar_1
Lair:1:   patterned_corridor
Lair:2:   nicolae_spider_entry_tight_spaces
Lair:3:   basic_altar, st_stairs_13, serial_bayou_ford_a,
          cheibrodos_lair_caveside_slide, serial_bayou_shore_b,
          serial_bayou_shore_a, serial_bayou_shore_b, grunt_megastairs_1
Lair:4:   swamp_mist, hellmonk_ghost_happy_afterlife, eino_house_with_fridge,
          minmay_lair_oklob_chamber
Lair:5:   minmay_slime_entry_eyes, pf_torpor_hydra, infiniplex_staircase_pool_2,
          wad_woods_river_01, lemuel_fruit_tree, uniq_nessos
Lair:6:   due_jungle_book
Orc:1:    enter_bailey_8
Orc:2:    st_orc_open, portal_ice_cave_entry_animals_and_master, uniq_snorg
Bazaar:   bazaar_minmay_row
IceCv:    ice_cave_small_giant

Skill      XL: |  1  2  3  4  5  6  7  8  9 10 11 12 13 14 15 |
---------------+----------------------------------------------+-----
Axes           | 3 4 5 6 7 9 10 11 | 11.2
Armour         | 2 3 5 7 8 9 11 12 | 12.3
Dodging        | 2 3 4 6 7 8 |  8.3
Fighting       | 4 5 6 7 8 9 10 11 12 13 | 13.6
Stealth        | 1 2 4 6 7 |  7.2
Maces & Flails | 3 7 10 11 12 13 | 13.0

Action                   |  1- 3 |  4- 6 |  7- 9 | 10-12 | 13-15 || total
-------------------------+-------+-------+-------+-------+-------++-------
Melee: Hand axe          |    99 |   320 |   460 |       |   297 ||  1176
       War axe           |       |       |    48 |   158 |       ||   206
       Whip              |       |       |       |   841 |  2210 ||  3051
Invok: Berserk           |     2 |     4 |     6 |    10 |    31 ||    53
       Trog's Hand       |       |     1 |     1 |     2 |     8 ||    12
Evoke: Wand              |       |       |       |       |     1 ||     1
  Use: Scroll            |       |       |       |    17 |    10 ||    27
 Stab: Sleeping          |       |     6 |     1 |     1 |    45 ||    53
       Distracted        |       |       |       |     1 |     3 ||     4
  Eat: Chunk             |     2 |    17 |    17 |    30 |    59 ||   125
       Ration            |       |       |     1 |       |     9 ||    10
Armor: Animal skin       |    41 |       |       |       |       ||    41
       Ring mail         |       |    56 |       |       |       ||    56
       Leather armour    |       |    29 |    13 |       |       ||    42
       Chain mail        |       |       |   267 |   327 |       ||   594
       Ice dragon scales |       |       |       |   268 |   704 ||   972
Dodge: Dodged            |    55 |   142 |   241 |   637 |   951 ||  2026
       Deflected         |       |       |     3 |       |       ||     3

Table legend:
 A = Spawn XP
 B = Non-spawn XP
 C = Spawn XP percentage of total XP
 D = Spawn monster count
 E = Non-spawn monster count
 F = Spawn count percentage of total count
 G = Total turns spent on level
                    A         B        C        D         E        F      G
               +---------+---------+-------+---------+---------+-------+---------
         Total |       0 |  140959 |   0.0 |       0 |     706 |   0.0 | 32938
               +---------+---------+-------+---------+---------+-------+---------
           D:1 |       0 |      37 |   0.0 |       0 |      14 |   0.0 |   674
           D:2 |       0 |     143 |   0.0 |       0 |      24 |   0.0 |  1379
           D:3 |       0 |     196 |   0.0 |       0 |      29 |   0.0 |  1414
           D:4 |       0 |     354 |   0.0 |       0 |      16 |   0.0 |  1790
           D:5 |       0 |    1282 |   0.0 |       0 |      44 |   0.0 |  1690
           D:6 |       0 |     951 |   0.0 |       0 |      21 |   0.0 |  1390
           D:7 |       0 |     497 |   0.0 |       0 |      12 |   0.0 |   794
           D:8 |       0 |    3760 |   0.0 |       0 |      38 |   0.0 |   950
           D:9 |       0 |     898 |   0.0 |       0 |      20 |   0.0 |   475
          D:10 |       0 |    4904 |   0.0 |       0 |      40 |   0.0 |   971
          D:11 |       0 |    4845 |   0.0 |       0 |      27 |   0.0 |  1237
          D:12 |       0 |   11730 |   0.0 |       0 |      60 |   0.0 |  2192
          D:13 |       0 |   11428 |   0.0 |       0 |      26 |   0.0 |  1327
          D:14 |       0 |   11553 |   0.0 |       0 |      40 |   0.0 |  1664
          D:15 |       0 |    3044 |   0.0 |       0 |       6 |   0.0 |    76
        Lair:1 |       0 |    3475 |   0.0 |       0 |      16 |   0.0 |  1547
        Lair:2 |       0 |    6410 |   0.0 |       0 |      28 |   0.0 |  1233
        Lair:3 |       0 |    5254 |   0.0 |       0 |      30 |   0.0 |  1310
        Lair:4 |       0 |   10519 |   0.0 |       0 |      37 |   0.0 |  1376
        Lair:5 |       0 |    7292 |   0.0 |       0 |      22 |   0.0 |  1908
        Lair:6 |       0 |   21768 |   0.0 |       0 |      35 |   0.0 |  2504
         Orc:1 |       0 |     778 |   0.0 |       0 |       9 |   0.0 |   763
         Orc:2 |       0 |   22441 |   0.0 |       0 |      77 |   0.0 |  2330
         IceCv |       0 |    7400 |   0.0 |       0 |      35 |   0.0 |  1784
               +---------+---------+-------+---------+---------+-------+---------
